 Dungeon Crawl Stone Soup version 0.30-a0-389-g8d7d949f56 (webtiles) character file.

Game seed: 2050315562456104260

245 quinnr the Chiller (level 6, -1/49 HPs)
             Began as a Naga Ice Elementalist on Dec 3, 2022.
             Was a Follower of Cheibriados.
             Slain by a howler monkey (6 damage)
             ... on level 5 of the Dungeon.
             The game lasted 00:11:53 (4567 turns).

quinnr the Chiller (Naga Ice Elementalist)          Turns: 4567, Time: 00:11:54

Health: -1/49      AC:  3    Str: 10 (13) XL:     6   Next: 10%
Magic:  4/10       EV:  9    Int: 16 (19) God:    Cheibriados [*.....]
Gold:   259        SH:  0    Dex: 11 (13) Spells: 3/11 levels left

rFire   . . .      SeeInvis +    (no weapon)
rCold   . . .      Faith    .    (no shield)
rNeg    . . .      Spirit   .    a - +0 robe
rPois   +          Reflect  .    (no helmet)
rElec   .          Harm     .    (no cloak)
rCorr   .          Rampage  .    (no gloves)
Will    .....                    (no barding)
Stlth   ++........               (no amulet)
HPRegen 0.28/turn                (no ring)
MPRegen 0.12/turn                (no ring)

@: short of breath, freezing walls, very slow
A: AC +2, large, see invisible, deformed body, poison resistance, slowness 2,
spit poison 1, naga tail 1
a: Spit Poison, Renounce Religion, Bend Time


You were on level 5 of the Dungeon.
You worshipped Cheibriados.
Cheibriados was aware of your devotion.
You visited 2 branches of the dungeon, and saw 6 of its levels.

You collected 259 gold pieces.


Innate Abilities, Weirdness & Mutations

Your serpentine skin is tough. (AC +2)
You have supernaturally acute eyesight. (SInv)
Armour fits poorly on your strangely shaped body.
Your system is resistant to poisons. (rPois)
You cover ground very slowly.
You can spit poison.
You have a snake-like lower body.


   Skills:
 - Level 1.5 Dodging
 - Level 3.0 Stealth
 - Level 3.0 Spellcasting
 + Level 2.0 Summonings
 + Level 6.2 Ice Magic


You had 3 spell levels left.
You knew the following spells:

 Your Spells              Type           Power      Damage    Failure   Level
b - Summon Ice Beast      Ice/Summ       15%        N/A       32%         4
f - Freeze                Ice            88%        1d9       1%          1
r - Frozen Ramparts       Ice            44%        1d7       4%          3

Your spell library contained the following spells:

 Spells                   Type           Power      Damage    Failure   Level
 Ozocubu's Armour         Ice            22%        N/A       4%          3

Inventory:

Armour
 a - a +0 robe (worn)
 e - a +0 helmet
Jewellery
 F - a ring of fire
Scrolls
 c - a scroll of summoning {unknown}
 d - a scroll of identify {unknown}
 i - 2 scrolls of enchant weapon
 k - a scroll of vulnerability
 p - a scroll of torment {unknown}
 u - a scroll of fear {unknown}
Potions
 b - 2 potions of magic
 f - 2 potions of attraction {unknown}
 g - a potion of flight {unknown}
 j - 2 potions of curing {@q1}
 l - a potion of brilliance {unknown}
 m - 2 potions of degeneration
 n - a potion of ambrosia {unknown}
 o - a potion of invisibility
 q - a potion of haste {unknown}
 r - a potion of cancellation {unknown}
 s - a potion of heal wounds {unknown}
 t - a potion of might {unknown}
 v - a potion of resistance

Dungeon Overview and Level Annotations

Branches:
Dungeon (5/15)             Temple (1/1) D:4

Altars:
Cheibriados
Elyvilon
Fedhas
Gozag
Kikubaaqudgha
Nemelex Xobeh
Ru
Sif Muna
Trog
Uskayaw
Vehumet
Wu Jian
Xom
Yredelemnul
Zin
The Shining One

.. #.# ..
###.### #
##.....#..
##...$.....
#.h........
#..@?......
...............
........>......
...............
...........S...
....#.......#..
...##.#...... #
!.# #...#.....


You could see a water moccasin and a howler monkey (poisoned, catching breath).


Message History

The iguana seems to slow down.
The water moccasin hisses angrily.
You hear an angry hiss.
The wall freezes the howler monkey.
The howler monkey hits you.
* * * LOW HITPOINT WARNING * * *
The iguana bites you.
* * * LOW HITPOINT WARNING * * *
The wall freezes the howler monkey.
The howler monkey hoots and howls with incredible vigour!
You hear a shout! x4
Casting: Freeze (safe; 1% risk of failure)
Confirm with . or Enter, or press ? or * to list all spells.
Aiming: Freeze (safe; 1% risk of failure)
Press: ? - help, Shift-Dir - straight line, f/p - iguana
Aim: an iguana (almost dead, slow)
You freeze the iguana.
You kill the iguana!
Cheibriados appreciates the change of pace.
The wall freezes the howler monkey.
The howler monkey misses you.
Your Summonings skill increases to level 2!
You have reached level 6!
Your skin feels tougher.
Use which ability? (? or * to list)
Aiming: Spit Poison (1% risk of failure)
Press: ? - help, Shift-Dir - straight line, f - howler monkey
Aim: a howler monkey (moderately wounded, catching its breath, 54% to hit)
The splash of poison hits the howler monkey.
The howler monkey is poisoned.
The howler monkey is severely wounded.
The wall freezes the howler monkey.
The howler monkey hits you.
You die...

Skill      XL: |  1  2  3  4  5 |
---------------+----------------+-----
Spellcasting   | 3 |  3.0
Ice Magic      | 5 6 |  6.2
Summonings     | 2 |  2.0
Dodging        | |  1.5
Stealth        | |  3.0

Action                   |  1- 3 |  4- 6 || total
-------------------------+-------+-------++-------
Melee: Unarmed           |    11 |     9 ||    20
       Punch             |     1 |     1 ||     2
 Cast: Freeze            |    61 |    36 ||    97
       Frozen Ramparts   |     3 |    23 ||    26
       Summon Ice Beast  |       |     1 ||     1
 Abil: Spit Poison       |     1 |     5 ||     6
  Use: Potion            |       |     5 ||     5
       Scroll            |       |     4 ||     4
Armor: Robe              |    11 |    18 ||    29
Dodge: Dodged            |    24 |    56 ||    80

Levels and vault maps discovered:
D:1:      ldierk_walled_garden_2, layout_loops_corners,
          shapermc_ecumenical_altar_gd, minmay_pentomino_p2
D:2:      layout_rooms, serial_rivers, chequers_serial_rivers_micro_a,
          chequers_serial_rivers_micro_e, chequers_serial_rivers_micro_c,
          chequers_serial_rivers_marsh, chequers_serial_rivers_large_a
D:3:      layout_loops_ring
D:4:      layout_rooms, mainiacjoe_overflow_six_doors_small,
          minmay_temple_entry_proselytizer, minivault_27
D:5:      layout_rooms, kennysheep_mini
Temple:   nicolae_temple_no_exploring_needed

Notes
Turn   | Place    | Note
-------+----------+-------------------------------------------
     0 | D:1      | quinnr the Naga Ice Elementalist began the quest for the
                  | Orb.
     0 | D:1      | Reached XP level 1. HP: 15/15 MP: 3/3
   324 | D:1      | Reached XP level 2. HP: 21/22 MP: 3/5
   485 | D:1      | Found a faded altar of an unknown god.
   908 | D:1      | Reached XP level 3. HP: 17/28 MP: 2/6
  1133 | D:1      | Learned a level 3 spell: Frozen Ramparts
  1741 | D:2      | Reached skill level 3 in Spellcasting
  1872 | D:2      | Reached XP level 4. HP: 29/36 MP: 3/8
  2310 | D:3      | Reached skill level 5 in Ice Magic
  2540 | D:3      | Learned a level 4 spell: Summon Ice Beast
  3032 | D:3      | Reached XP level 5. HP: 35/42 MP: 2/9
  3473 | D:4      | Noticed a phantom
  3555 | D:4      | Noticed a phantom
  3663 | D:4      | Found a staircase to the Ecumenical Temple.
  3673 | Temple   | Entered the Ecumenical Temple
  3726 | Temple   | Became a worshipper of Cheibriados the Contemplative
  3743 | D:4      | Reached skill level 1 in Summonings
  3753 | D:4      | Reached skill level 6 in Ice Magic
  3995 | D:4      | Found an ornate altar of the Wu Jian Council.
  4235 | D:4      | Reached * piety under Cheibriados
  4338 | D:4      | Identified 2 potions of resistance
  4530 | D:5      | Entered Level 5 of the Dungeon
  4564 | D:5      | Noticed a water moccasin
  4565 | D:5      | HP: 4/42 [iguana (3)]
  4567 | D:5      | Reached skill level 2 in Summonings
  4567 | D:5      | Reached XP level 6. HP: 5/49 MP: 4/10
  4567 | D:5      | Slain by a howler monkey

Vanquished Creatures
  An orc priest (D:4)
  An iguana (D:5)
  2 orc wizards
  An adder (D:3)
  A worm (D:2)
  4 dart slugs
  17 orcs
  4 endoplasms
  5 giant cockroaches
  7 goblins
  6 hobgoblins
  14 jackals
  6 kobolds
  4 quokkas
  7 ball pythons
  7 bats
  3 frilled lizards
  6 rats
96 creatures vanquished.

Vanquished Creatures (others)
  4 toadstools (D:1)
  A withered plant (D:1)
5 creatures vanquished.

Grand Total: 101 creatures vanquished

Table legend: (Time is in decaauts)
 A = Elapsed time spent in this place.
 B = Non-inter-level travel time spent in this place.
 C = Inter-level travel time spent in this place.
 D = Time resting spent in this place.
 E = Time spent auto-exploring this place.
 F = Levels seen in this place.
 G = Mean time per level.
                   A        B        C        D        E       F      G
               +--------+--------+--------+--------+--------+-----+--------+
         Total |   5678 |   5435 |    243 |    518 |   3944 |   6 |  946.3 |
       Dungeon |   5437 |   5218 |    219 |    372 |   3899 |   5 | 1087.4 |
        Temple |    241 |    217 |     24 |    146 |     45 |   1 |  241.0 |
               +--------+--------+--------+--------+--------+-----+--------+

Top non-repeatable levels by time:
     D:1: 1659 daAuts
     D:3: 1571 daAuts
     D:2: 1172 daAuts
     D:4: 1018 daAuts
  Temple: 241 daAuts
     D:5: 14 daAuts

Table legend:
 A = Non-vault XP
 B = Vault XP
 C = Vault XP percentage of total XP
 D = Non-vault monster count
 E = Vault monster count
 F = Vault count percentage of total count
                 A         B        C        D         E       F
            +---------+---------+-------+---------+---------+-------
      Total |     305 |      46 |  13.1 |      93 |       3 |   3.1
            +---------+---------+-------+---------+---------+-------
        D:1 |      51 |       3 |   5.6 |      28 |       2 |   6.7
        D:2 |      34 |       0 |   0.0 |      14 |       0 |   0.0
        D:3 |     107 |       0 |   0.0 |      30 |       0 |   0.0
        D:4 |      78 |      43 |  35.5 |      20 |       1 |   4.8
        D:5 |      35 |       0 |   0.0 |       1 |       0 |   0.0
            +---------+---------+-------+---------+---------+-------
